| TOP OF THE 1ST |
|
Missoula Osprey batting - Pitching for Washington (APP) Nationals : RHP Ivan Bonilla
|
|
Pitching: RHP Ivan Bonilla
|
|
|
Batting: LHB Danny Salas
|
0-0: Swinging Strike 0-1: Foul Ball, location: 2F 0-2: Foul Ball, location: 2F 0-2: Strikes out swinging
|
|
Batting: RHB Hyeok Shon
|
0-0: Called Strike 0-1: Ball 1-1: Ball 2-1: Swinging Strike 2-2: Foul Ball, location: 2F 2-2: Ball 3-2: Foul Ball, location: 2F 3-2: Foul Ball, location: 2F 3-2: Strikes out looking
|
|
Batting: RHB Claude Leduc
|
0-0: Swinging Strike 0-1: Foul Ball, location: 2F 0-2: Ball 1-2: Ball 2-2: Strikes out swinging
|
| Top of the 1st over - 0 runs, 0 hits, 0 errors, 0 left on base; Missoula 0 - Washington (APP) 0 |
| BOTTOM OF THE 1ST |
|
Washington (APP) Nationals batting - Pitching for Missoula Osprey : RHP Daryl Blair
|
|
Pitching: RHP Daryl Blair
|
|
|
Batting: RHB Victor Rojas
|
0-0: Called Strike 0-1: Ground out 5-3 (Groundball, 56S, EV 88.8 MPH)
|
|
Batting: RHB Armando Moreno
|
0-0: SINGLE (Line Drive, 89S, EV 90.6 MPH)
|
|
Batting: RHB Billy Williamson
|
0-0: Ball Armando Moreno steals 2nd base 1-0: Fly out, F7 (Flyball, 78D, EV 98.1 MPH)
|
|
Batting: RHB Akira Ishihara
|
0-0: Ball 1-0: 2-RUN HOME RUN (Flyball, 7D, EV 103.1 MPH), Distance : 394 ft
|
|
Batting: RHB Ryan Wright
|
0-0: Foul Ball, location: 2F 0-1: Foul Ball, location: 2F 0-2: Hit by Pitch
|
|
Batting: RHB Jason Curry
|
0-0: Fly out, F4 (Line Drive, 4M, EV 75.0 MPH)
|
| Bottom of the 1st over - 2 runs, 2 hits, 0 errors, 1 left on base; Missoula 0 - Washington (APP) 2 |
| TOP OF THE 2ND |
|
Missoula Osprey batting - Pitching for Washington (APP) Nationals : RHP Ivan Bonilla
|
|
Batting: LHB Angelo Lira
|
0-0: Ground out 1-3 (Groundball, 34S, EV 65.6 MPH)
|
|
Batting: RHB David Powell
|
0-0: Ball 1-0: Foul Ball, location: 2F 1-1: Ball 2-1: Foul Ball, location: 2F 2-2: Strikes out swinging
|
|
Batting: LHB Jalen Williams
|
0-0: Called Strike 0-1: Ball 1-1: SOLO HOME RUN (Flyball, 89XD, EV 100.0 MPH) (Inside the Park)
|
|
Batting: RHB Shing Mah
|
0-0: Ball 1-0: Ground out 5-3 (Groundball, 56, EV 100.0 MPH)
|
| Top of the 2nd over - 1 run, 1 hit, 0 errors, 0 left on base; Missoula 1 - Washington (APP) 2 |
| BOTTOM OF THE 2ND |
|
Washington (APP) Nationals batting - Pitching for Missoula Osprey : RHP Daryl Blair
|
|
Batting: SHB Tim Schulz
|
0-0: Ground out 6-3 (Groundball, 6S, EV 88.1 MPH)
|
|
Batting: RHB Ben Lowe
|
0-0: Called Strike 0-1: Called Strike 0-2: Ball 1-2: Strikes out swinging
|
|
Batting: RHB Alex Gonzalez
|
0-0: Ball 1-0: Ground out 1-3 (Groundball, 15S, EV 68.1 MPH)
|
| Bottom of the 2nd over - 0 runs, 0 hits, 0 errors, 0 left on base; Missoula 1 - Washington (APP) 2 |
| TOP OF THE 3RD |
|
Missoula Osprey batting - Pitching for Washington (APP) Nationals : RHP Ivan Bonilla
|
|
Batting: RHB Hector Tabares
|
0-0: Foul Ball, location: 2F 0-1: Ball 1-1: Called Strike 1-2: SOLO HOME RUN (Flyball, 9D, EV 95.6 MPH), Distance : 360 ft
|
|
Batting: LHB Adam Spence
|
0-0: Called Strike 0-1: Foul Ball, location: 2F 0-2: Reached on error, E3 (Groundball, 3L, EV 86.9 MPH)
|
|
Batting: LHB Danny Salas
|
0-0: Ball 1-0: Ball 2-0: Ball 3-0: Base on Balls Adam Spence to second
|
|
Batting: RHB Hyeok Shon
|
0-0: Ball 1-0: Called Strike 1-1: SINGLE (Flyball, 6MD, EV 91.2 MPH) Adam Spence to third Danny Salas to second
|
|
Batting: RHB Claude Leduc
|
0-0: Called Strike 0-1: Ball 1-1: Fly out, F9 (Flyball, 9, EV 96.9 MPH) Runner from 3rd tags up, SCORES, throw by RF Danny Salas to third
|
|
Batting: LHB Angelo Lira
|
0-0: Ball 1-0: Ball 2-0: Fly out, F9 (Flyball, 9, EV 91.9 MPH)
|
|
Batting: RHB David Powell
|
0-0: Swinging Strike 0-1: Called Strike Hyeok Shon is caught stealing 2nd base 2-4
|
| Top of the 3rd over - 2 runs, 2 hits, 1 error, 1 left on base; Missoula 3 - Washington (APP) 2 |
| BOTTOM OF THE 3RD |
|
Washington (APP) Nationals batting - Pitching for Missoula Osprey : RHP Daryl Blair
|
|
Batting: RHB Victor Rojas
|
0-0: Ball 1-0: Ball 2-0: Ball 3-0: Base on Balls
|
|
Batting: RHB Armando Moreno
|
0-0: Ball 1-0: Ball 2-0: Called Strike 2-1: Grounds into double play, 4-6-3 (Groundball, 4, EV 85.0 MPH)
|
|
Batting: RHB Billy Williamson
|
0-0: Called Strike 0-1: Ball 1-1: Called Strike 1-2: Ball 2-2: Ball 3-2: Fly out, F8 (Flyball, 89M, EV 85.6 MPH)
|
| Bottom of the 3rd over - 0 runs, 0 hits, 0 errors, 0 left on base; Missoula 3 - Washington (APP) 2 |
| TOP OF THE 4TH |
|
Missoula Osprey batting - Pitching for Washington (APP) Nationals : RHP Ivan Bonilla
|
|
Batting: RHB David Powell
|
0-0: Ball 1-0: Ball 2-0: Foul Ball, location: 2F 2-1: Swinging Strike 2-2: Strikes out swinging
|
|
Batting: LHB Jalen Williams
|
0-0: Foul Ball, location: 2F 0-1: Ball 1-1: Foul Ball, location: 2F 1-2: Strikes out swinging, 2-3 out at first.
|
|
Batting: RHB Shing Mah
|
0-0: Ball 1-0: Called Strike 1-1: Ground out 5-3 (Groundball, 56, EV 93.1 MPH)
|
| Top of the 4th over - 0 runs, 0 hits, 0 errors, 0 left on base; Missoula 3 - Washington (APP) 2 |
| BOTTOM OF THE 4TH |
|
Washington (APP) Nationals batting - Pitching for Missoula Osprey : RHP Daryl Blair
|
|
Batting: RHB Akira Ishihara
|
0-0: Ball 1-0: Ball 2-0: SINGLE (Groundball, 4MD, EV 95.6 MPH)
|
|
Batting: RHB Ryan Wright
|
0-0: Ball 1-0: Swinging Strike 1-1: Swinging Strike 1-2: Ball 2-2: Ball 3-2: 2-RUN HOME RUN (Flyball, 8LXD, EV 115.6 MPH), Distance : 449 ft
|
|
Batting: RHB Jason Curry
|
0-0: Ball 1-0: Called Strike 1-1: Swinging Strike 1-2: Foul Ball, location: 2F 1-2: Ball 2-2: Foul Ball, location: 2F 2-2: Strikes out looking
|
|
Batting: SHB Tim Schulz
|
0-0: Ball 1-0: Foul Ball, location: 2F 1-1: Ground out 6-3 (Groundball, 6M, EV 83.1 MPH)
|
|
Batting: RHB Ben Lowe
|
0-0: Fly out, F5 (Line Drive, 56, EV 62.5 MPH)
|
| Bottom of the 4th over - 2 runs, 2 hits, 0 errors, 0 left on base; Missoula 3 - Washington (APP) 4 |
| TOP OF THE 5TH |
|
Missoula Osprey batting - Pitching for Washington (APP) Nationals : RHP Ivan Bonilla
|
|
Batting: RHB Hector Tabares
|
0-0: Ground out 6-3 (Groundball, 6M, EV 79.4 MPH)
|
|
Batting: LHB Adam Spence
|
0-0: SOLO HOME RUN (Flyball, 78XD, EV 110.6 MPH), Distance : 421 ft
|
|
Batting: LHB Danny Salas
|
0-0: Ball 1-0: Called Strike 1-1: Foul Ball, location: 2F 1-2: Foul Ball, location: 2F 1-2: Ground out 4-3 (Groundball, 34D, EV 99.4 MPH)
|
|
Batting: RHB Hyeok Shon
|
0-0: Ball 1-0: Called Strike 1-1: Called Strike 1-2: Ball 2-2: Foul Ball, location: 2F 2-2: Foul Ball, location: 2F 2-2: Foul Ball, location: 2F 2-2: Ball 3-2: Foul Ball, location: 2F 3-2: Strikes out swinging
|
| Top of the 5th over - 1 run, 1 hit, 0 errors, 0 left on base; Missoula 4 - Washington (APP) 4 |
| BOTTOM OF THE 5TH |
|
Washington (APP) Nationals batting - Pitching for Missoula Osprey : RHP Daryl Blair
|
|
Batting: RHB Alex Gonzalez
|
0-0: Ball 1-0: Foul Ball, location: 2F 1-1: Ball 2-1: Ball 3-1: Base on Balls
|
|
Batting: RHB Victor Rojas
|
0-0: Ball 1-0: Ball 2-0: Ball 3-0: DOUBLE (Line Drive, 78D, EV 101.9 MPH) Alex Gonzalez to third
|
|
Batting: RHB Armando Moreno
|
0-0: Ball 1-0: Foul Ball, location: 2F 1-1: Swinging Strike 1-2: Ball 2-2: Ball 3-2: Foul Ball, location: 2F 3-2: Strikes out swinging
|
|
Batting: RHB Billy Williamson
|
0-0: Ball 1-0: Fly out, F8 (Line Drive, 8LM, EV 105.6 MPH) Runner from 3rd tags up, SCORES, throw by CF
|
|
Pitching: LHP Henry Jesso
|
|
|
Batting: RHB Akira Ishihara
|
0-0: Foul Ball, location: 2F 0-1: Ball 1-1: Swinging Strike 1-2: Foul Ball, location: 2F 1-2: Ball 2-2: Strikes out swinging
|
| Bottom of the 5th over - 1 run, 1 hit, 0 errors, 1 left on base; Missoula 4 - Washington (APP) 5 |
| TOP OF THE 6TH |
|
Missoula Osprey batting - Pitching for Washington (APP) Nationals : RHP Ivan Bonilla
|
|
Pitching: RHP Karl-Anthony Aure
|
|
|
Batting: RHB Claude Leduc
|
0-0: Fly out, F8 (Flyball, 8LM, EV 80.6 MPH)
|
|
Batting: LHB Angelo Lira
|
0-0: Foul Ball, location: 2F 0-1: DOUBLE (Groundball, 3L, EV 105.6 MPH)
|
|
Batting: RHB David Powell
|
0-0: Ball 1-0: Called Strike Angelo Lira is caught stealing 3rd base 2-5 1-1: Swinging Strike 1-2: Strikes out swinging
|
| Top of the 6th over - 0 runs, 1 hit, 0 errors, 0 left on base; Missoula 4 - Washington (APP) 5 |
| BOTTOM OF THE 6TH |
|
Washington (APP) Nationals batting - Pitching for Missoula Osprey : LHP Henry Jesso
|
|
Batting: RHB Ryan Wright
|
0-0: Called Strike 0-1: Ball 1-1: Ball 2-1: Ground out 5-3 (Groundball, 56S, EV 65.0 MPH)
|
|
Batting: RHB Jason Curry
|
0-0: Fly out, F7 (Flyball, 78D, EV 95.6 MPH)
|
|
Batting: SHB Tim Schulz
|
0-0: Called Strike 0-1: Ball 1-1: Fly out, F7 (Flyball, 78M, EV 85.0 MPH)
|
| Bottom of the 6th over - 0 runs, 0 hits, 0 errors, 0 left on base; Missoula 4 - Washington (APP) 5 |
| TOP OF THE 7TH |
|
Missoula Osprey batting - Pitching for Washington (APP) Nationals : RHP Karl-Anthony Aure
|
|
Batting: LHB Jalen Williams
|
0-0: Called Strike 0-1: Called Strike 0-2: Ball 1-2: Foul Ball, location: 2F 1-2: Strikes out looking
|
|
Pinch Hitting: LHB Nelson Pelico
|
0-0: Called Strike 0-1: Ground out 4-3 (Groundball, 4, EV 82.5 MPH)
|
|
Pinch Hitting: RHB Jose Cuellar
|
0-0: Ground out 6-3 (Groundball, 56S, EV 66.9 MPH)
|
| Top of the 7th over - 0 runs, 0 hits, 0 errors, 0 left on base; Missoula 4 - Washington (APP) 5 |
| BOTTOM OF THE 7TH |
|
Washington (APP) Nationals batting - Pitching for Missoula Osprey : LHP Henry Jesso
|
|
Now at 1B: Jose Cuellar
|
|
|
Now at 3B: Nelson Pelico
|
|
|
Batting: RHB Ben Lowe
|
0-0: Ball 1-0: Called Strike 1-1: Ball 2-1: Ball 3-1: Base on Balls
|
|
Batting: RHB Alex Gonzalez
|
0-0: Called Strike 0-1: Ball Wild Pitch! Ben Lowe to second 1-1: Swinging Strike 1-2: Foul Ball, location: 2F 1-2: Strikes out swinging
|
|
Batting: RHB Victor Rojas
|
0-0: Swinging Strike 0-1: Ball 1-1: Called Strike 1-2: Strikes out swinging
|
|
Batting: RHB Armando Moreno
|
0-0: Foul Ball, location: 2F 0-1: SINGLE (Line Drive, 7LS, EV 102.5 MPH) Ben Lowe to third
|
|
Batting: RHB Billy Williamson
|
0-0: Ball Wild Pitch! Ben Lowe scores Armando Moreno to second 1-0: Ball 2-0: Ball 3-0: Base on Balls
|
|
Batting: RHB Akira Ishihara
|
0-0: Ball 1-0: Ball 2-0: Foul Ball, location: 2F 2-1: Foul Ball, location: 2F 2-2: Ball 3-2: Fly out, F6 (Line Drive, 6MD, EV 61.9 MPH)
|
| Bottom of the 7th over - 1 run, 1 hit, 0 errors, 2 left on base; Missoula 4 - Washington (APP) 6 |
| TOP OF THE 8TH |
|
Missoula Osprey batting - Pitching for Washington (APP) Nationals : RHP Karl-Anthony Aure
|
|
Now at 1B: Ivan Torres
|
|
|
Batting: LHB Adam Spence
|
0-0: Called Strike 0-1: Ball 1-1: Ball 2-1: Foul Ball, location: 2F 2-2: Strikes out looking
|
|
Batting: LHB Danny Salas
|
0-0: Ball 1-0: Called Strike 1-1: SINGLE (Line Drive, 4M, EV 97.5 MPH)
|
|
Pinch Hitting: LHB Falco van Koeveringe
|
0-0: Called Strike 0-1: Called Strike 0-2: Ball 1-2: 2-RUN HOME RUN (Flyball, 9LD, EV 95.6 MPH), Distance : 352 ft
|
|
Batting: RHB Claude Leduc
|
0-0: Ball 1-0: Foul Ball, location: 2F 1-1: Ball 2-1: Called Strike 2-2: Ball 3-2: SOLO HOME RUN (Flyball, 7D, EV 94.4 MPH), Distance : 381 ft
|
|
Pitching: RHP Cody Hadden
|
|
|
Batting: LHB Angelo Lira
|
0-0: Ball 1-0: Ground out 1-3 (Groundball, 13S, EV 70.6 MPH)
|
|
Batting: RHB David Powell
|
0-0: Ball 1-0: Swinging Strike 1-1: Ball 2-1: Ball 3-1: Base on Balls
|
|
Batting: LHB Jalen Williams
|
0-0: Called Strike 0-1: Called Strike 0-2: Strikes out swinging
|
| Top of the 8th over - 3 runs, 3 hits, 0 errors, 1 left on base; Missoula 7 - Washington (APP) 6 |
| BOTTOM OF THE 8TH |
|
Washington (APP) Nationals batting - Pitching for Missoula Osprey : LHP Henry Jesso
|
|
Now in CF: Dave Beerman
|
|
|
Batting: RHB Ryan Wright
|
0-0: Foul Ball, location: 2F 0-1: Ball 1-1: Ball 2-1: Ground out 4-3 (Groundball, 4, EV 100.0 MPH)
|
|
Pinch Hitting: RHB Jose Ortiz
|
0-0: Ball 1-0: Called Strike 1-1: Bunted foul 1-2: Foul Ball, location: 2F 1-2: SINGLE (Line Drive, 78S, EV 105.0 MPH)
|
|
Pitching: LHP Travis Osorio
|
|
|
Batting: SHB Tim Schulz
|
0-0: Ball 1-0: Ball 2-0: Called Strike 2-1: Ball Jose Ortiz steals 2nd base 3-1: Called Strike 3-2: Foul Ball, location: 2F 3-2: Foul Ball, location: 2F 3-2: Foul Ball, location: 2F 3-2: SINGLE (Line Drive, 56, EV 94.4 MPH) Jose Ortiz to third
|
|
Batting: RHB Ben Lowe
|
0-0: Called Strike 0-1: SINGLE (Groundball, 56D, EV 105.0 MPH) Jose Ortiz scores Tim Schulz to second
|
|
Pinch Hitting: SHB John Husson
|
0-0: Foul Ball, location: 2F 0-1: Ball 1-1: Foul Ball, location: 2F 1-2: Strikes out swinging
|
|
Batting: RHB Victor Rojas
|
0-0: Swinging Strike 0-1: Ball 1-1: 3-RUN HOME RUN (Flyball, 7D, EV 104.4 MPH), Distance : 402 ft
|
|
Pitching: RHP Sergio Reyes
|
|
|
Batting: RHB Ivan Torres
|
0-0: Ball 1-0: Ball 2-0: Called Strike 2-1: DOUBLE (Line Drive, 7LM, EV 98.1 MPH)
|
|
Batting: RHB Billy Williamson
|
0-0: Foul Ball, location: 2F 0-1: Foul Ball, location: 2F 0-2: Strikes out swinging
|
| Bottom of the 8th over - 4 runs, 5 hits, 0 errors, 1 left on base; Missoula 7 - Washington (APP) 10 |
| TOP OF THE 9TH |
|
Missoula Osprey batting - Pitching for Washington (APP) Nationals : RHP Cody Hadden
|
|
Pitching: RHP Kareem Linz
|
|
|
Now at 2B: Ben Lowe
|
|
|
Now in LF: Jess Thomas
|
|
|
Now in RF: Trent Spivey
|
|
|
Batting: LHB Nelson Pelico
|
0-0: Ball 1-0: Called Strike 1-1: SINGLE (Line Drive, 56, EV 98.8 MPH)
|
|
Batting: RHB Jose Cuellar
|
0-0: Ball 1-0: Ball 2-0: Foul Ball, location: 2F 2-1: Fly out, F8 (Flyball, 8RXD, EV 89.4 MPH)
|
|
Pinch Hitting: RHB Chris Jones
|
0-0: Ball 1-0: Swinging Strike 1-1: Ball 2-1: Called Strike 2-2: Strikes out looking
|
|
Batting: LHB Danny Salas
|
0-0: Ball 1-0: Called Strike 1-1: Called Strike 1-2: Strikes out swinging
|
| Top of the 9th over - 0 runs, 1 hit, 0 errors, 1 left on base; Missoula 7 - Washington (APP) 10 |
|